 Dungeon Crawl Stone Soup version 0.31.0-32-g396128a36d (webtiles) character file.

Game seed: 16982228814603358026

70 nitefall the Chopper (level 4, -2/40 HPs)
             Began as a Minotaur Berserker on Apr 23, 2024.
             Was a Believer of Trog.
             Slain by Sigmund
             ... wielding a +0 scythe
              (5 damage)
             ... on level 2 of the Dungeon.
             The game lasted 00:02:05 (1569 turns).

nitefall the Chopper (Minotaur Berserker)           Turns: 1569, Time: 00:02:05

Health: -2/40      AC:  6    Str: 22    XL:     4   Next: 4%
Magic:  3/3        EV: 11    Int:  4    God:    Trog [**....]
Gold:   80         SH:  0    Dex: 11    Spells: 3/3 levels left

rFire   . . .        a - +0 hand axe
rCold   . . .        (no shield)
rNeg    . . .        f - +0 ring mail
rPois   .            (helmet restricted)
rElec   .            c - +0 cloak
rCorr   .            (no gloves)
SInv    .            (no boots)
Will    .....        (no amulet)
Stlth   +            (no ring)
HPRegen 0.26/turn    (no ring)
MPRegen 0.08/turn

%: no passive effects
@: on berserk cooldown, slowed, very slow
A: horns 2, retaliatory headbutt
a: Renounce Religion, Berserk, Trog's Hand


You were on level 2 of the Dungeon.
You worshipped Trog.
Trog was pleased with you.
You visited 1 branch of the dungeon, and saw 2 of its levels.

You collected 80 gold pieces.

Inventory:

Hand Weapons
 a - a +0 hand axe (weapon)
Missiles
 g - 23 stones (quivered)
 l - 3 poisoned darts
Armour
 b - a +0 animal skin
 c - a +0 cloak (worn)
 f - a +0 ring mail (worn)
Scrolls
 e - a scroll of revelation {unknown}
 k - a scroll of poison {unknown}
 m - a scroll of vulnerability {unknown}
 o - a scroll of enchant weapon {unknown}
 p - a scroll of fog {unknown}
 r - a scroll of brand weapon {unknown}
 s - a scroll of blinking {unknown}
Potions
 d - a potion of haste {unknown}
 h - a potion of curing {unknown}
 i - a potion of ambrosia {unknown}
 j - 2 potions of invisibility {unknown}
 n - a potion of mutation {unknown}
 q - a potion of attraction {unknown}


   Skills:
 + Level 4.0 Fighting
 * Level 4.4 Axes
 + Level 1.3 Throwing
 + Level 2.9 Armour
 + Level 2.7 Dodging
 + Level 1.2 Shields


You had 3 spell levels left.
You didn't know any spells.
Your spell library was empty.

Dungeon Overview and Level Annotations

Branches:
Dungeon (2/15)

Altars:

Shops:
D:2 =

Annotations:
D:2 Sigmund


Innate Abilities, Weirdness & Mutations

You have a pair of horns on your head.
You reflexively headbutt those who attack you in melee.


Message History

You completely miss something. Your headbutt misses something.
Something hits you.
You feel a strong urge to attack something.
Something hits you but does no damage.
You are no longer berserk.
You are exhausted.
You feel yourself slow down. Something hits you but does no damage.
Something hits you.
You feel less confused. Something hits you but does no damage.
Something hits you.
You completely miss something. Something hits you.
You closely miss something. Something hits you but does no damage.
You barely miss something. Your headbutt misses something.
You hear some strange, mumbled words.
A puff of flame appears from out of thin air!
The puff of flame misses you. Something hits you.
You hit something. Something hits you but does no damage.
You miss something.
You hear some strange, mumbled words.
A puff of flame appears from out of thin air!
The puff of flame misses you.
You miss something. Your headbutt misses something. Something hits you.
* * * LOW HITPOINT WARNING * * *
You barely miss something. Something hits you.
* * * LOW HITPOINT WARNING * * *
A magic dart appears from out of thin air!
The magic dart hits you but does no damage.
Something hits you.
* * * LOW HITPOINT WARNING * * *
Found 2 sedimented dark potions.
Found 10 gold pieces.
Sigmund appears from thin air!
Reactivating autopickup.
Sigmund casts a spell at you.
The magic dart hits you but does no damage.
You fail to use your ability.
Sigmund hits you from afar with a +0 scythe.
You die...
Sigmund begins carving another notch in his scythe.

....#.# #.#
#......... ..†...#
#.# #. .#...######
#..#### #.#####.
.#......... #..#
#....... .#..#######
#.>### .......
.#.......# #....#
$......##.#...###.#
#.##.#
.......#..#...#
#.##.#
.......#.##...####
..##.#
.......@.@.........#
####.#
.......###########.#
# #.# #....!. # #.#
#.##### # #.# # #
#.# # #.# # #.# #
#.#


You could see Sigmund.

Vanquished Creatures
  Natasha (D:2)
  4 ribbon worms (D:2)
  2 ball pythons (D:1)
  2 endoplasms
  2 giant cockroaches (D:1)
  5 goblins
  5 hobgoblins
  4 jackals (D:1)
  A quokka (D:1)
  4 bats
  A frilled lizard (D:2)
  A rat (D:1)
32 creatures vanquished.

Notes
Turn   | Place    | Note
-------+----------+-------------------------------------------
     0 | D:1      | nitefall the Minotaur Berserker began the quest for the
                  | Orb.
     0 | D:1      | Reached XP level 1. HP: 19/19 MP: 0/0
    71 | D:1      | Reached XP level 2. HP: 13/27 MP: 1/1
   685 | D:1      | Reached skill level 1 in Throwing
  1180 | D:2      | Noticed Natasha
  1184 | D:2      | Killed Natasha
  1185 | D:2      | Reached skill level 1 in Shields
  1185 | D:2      | Reached XP level 3. HP: 25/33 MP: 2/2
  1361 | D:2      | Reached ** piety under Trog
  1452 | D:2      | Reached XP level 4. HP: 40/40 MP: 3/3
  1463 | D:2      | Found Womueplo's Jewellery Boutique.
  1543 | D:2      | Noticed Sigmund
  1565 | D:2      | HP: 2/40 [something (6)]
  1569 | D:2      | Slain by Sigmund

Illustrated notes

Levels and vault maps discovered:
D:1:      roderic_crop_circles_arrival_small, layout_basic, serial_rivers,
          chequers_serial_rivers_small_b, chequers_serial_rivers_micro_e,
          chequers_serial_rivers_marsh, chequers_serial_rivers_large_a,
          chequers_serial_rivers_micro_e, chequers_serial_rivers_small_3
D:2:      layout_basic, serial_shops, nicolae_shop_gaudy_bauble,
          dreamdust_princess_bridge, uniq_robin, uniq_sigmund, uniq_natasha

Skill      XL: |  1  2 |
---------------+-------+-----
Axes           | 4 |  4.4
Throwing       | 1 |  1.3
Fighting       | 4 |  4.0
Shields        | 1 |  1.2
Armour         | |  2.9
Dodging        | |  2.7

Action                     |  1- 3 |  4- 6 || total
---------------------------+-------+-------++-------
  Melee: Hand axe          |    79 |    10 ||    89
         Headbutt          |    14 |     1 ||    15
         Punch             |     2 |       ||     2
 Invoke: Berserk           |       |     1 ||     1
 Armour: Animal skin       |    11 |       ||    11
         Ring mail         |    25 |    18 ||    43
  Dodge: Dodged            |    50 |     3 ||    53
